 Dungeon Crawl Stone Soup version 0.21-a0-84-g85d6d27 (webtiles) character file.

3835 Lianjan the Ducker (level 9, -7/62 HPs)
             Began as a Purple Draconian Wizard on July 6, 2017.
             Was a Follower of Sif Muna.
             Mangled by Psyche
             ... wielding a +3 dagger of distortion
              (14 damage)
             ... on level 8 of the Dungeon.
             The game lasted 00:52:33 (13345 turns).

Lianjan the Ducker (Purple Draconian Wizard)       Turns: 13345, Time: 00:52:33

Health: -7/62      AC:  8    Str: 12    XL:     9   Next: 98%
Magic:  1/16       EV: 13    Int: 22    God:    Sif Muna [*.....]
Gold:   491        SH:  0    Dex:  9    Spells: 4/18 levels left

rFire    . . .     SeeInvis .   b - +1 hunting sling
rCold    . . .     Gourm    .   (no shield)
rNeg     . . .     Faith    .   (armour unavailable)
rPois    .         Spirit   .   r - +0 hat
rElec    .         Reflect  .   (no cloak)
rCorr    .         Harm     .   (no gloves)
MR       +....                  i - +0 pair of boots
Stlth    ++........             k - amulet of rage
HPRegen  0.20/turn              E - -2 ring of evasion (curse)
MPRegen  0.15/turn              Q - +2 ring of strength

@: about to teleport, very slightly contaminated
A: breathe power, unfitting armour, cold-blooded, AC +7
a: Breathe Dispelling Energy, Divine Energy, Renounce Religion, Evoke Berserk
Rage


You were on level 8 of the Dungeon.
You worshipped Sif Muna.
Sif Muna was aware of your devotion.
You were not hungry.

You visited 2 branches of the dungeon, and saw 9 of its levels.
You also visited: Ossuary.

You collected 491 gold pieces.

Inventory:

Hand Weapons
 a - a +2 short sword of electrocution
 b - a +1 hunting sling (weapon)
 P - the +10 zealot's sword {holy, *Rage rN+ EV+3}
   (You found it on level 7 of the Dungeon)

   It has been blessed by the Shining One to cause great damage to the undead
   and demons.
   It affects your evasion (+3).
   It protects you from negative energy.
   It may make you go berserk in combat.
Missiles
 d - 51 sling bullets (quivered)
 e - a throwing net
 f - 183 stones
Armour
 i - a +0 pair of boots (worn)
 r - a +0 hat (worn)
Jewellery
 k - an amulet of rage (around neck)
 t - an uncursed ring of resist corrosion
 u - an uncursed ring of protection from cold
 B - an uncursed ring of resist corrosion
 D - a +1 ring of protection
 E - a cursed -2 ring of evasion (left hand)
 I - an uncursed ring of resist corrosion
 J - an uncursed ring of protection from fire
 L - an uncursed ring of positive energy
 Q - a +2 ring of strength (right hand)
Wands
 A - a wand of polymorph (17/24)
Scrolls
 g - 3 scrolls of immolation
 l - 4 scrolls of enchant weapon
 w - 2 scrolls of random uselessness {unknown}
 z - 6 scrolls of remove curse
 F - 4 scrolls of teleportation
 H - 2 scrolls of amnesia
 K - a scroll of fog
 O - a scroll of recharging
Potions
 h - 5 potions of curing
 j - a potion of mutation
 p - 2 potions of resistance
 s - 7 potions of heal wounds
 v - a potion of agility
 x - 2 potions of magic
 C - 2 potions of ambrosia
 G - a potion of flight {unknown}
 M - a potion of berserk rage {unknown}
 N - a potion of haste {unknown}
 R - a potion of brilliance {unknown}
Books
 n - a book of Minor Magic

   Spells                             Type                      Level
   a - Magic Dart                     Conjuration                  1
   b - Blink                          Translocation                2
   c - Call Imp                       Summoning                    2
   d - Slow                           Hexes                        2
   e - Conjure Flame                  Conjuration/Fire             3
   f - Mephitic Cloud                 Conjuration/Poison/Air       3
 q - a book of Misfortune

   Spells                             Type                      Level
   a - Confusing Touch                Hexes                        1
   b - Confuse                        Hexes                        3
   c - Gell's Gravitas                Translocation                3
   d - Petrify                        Transmutation/Earth          4
   e - Metabolic Englaciation         Hexes/Ice                    5
   f - Yara's Violent Unravelling     Hexes/Transmutation          5
Comestibles
 c - 8 bread rations
 m - a fruit
 o - 4 meat rations


   Skills:
 + Level 7.4 Dodging
 - Level 1.7 Stealth
 - Level 5.1 Spellcasting
 + Level 6.5 Conjurations
 + Level 3.7 Hexes
 - Level 1.0 Summonings
 - Level 1.0 Translocations
 - Level 6.1 Fire Magic
 - Level 6.0 Air Magic


You had 4 spell levels left.
You knew the following spells:

 Your Spells              Type           Power        Failure   Level  Hunger
a - Magic Dart            Conj           ####         1%          1    None
b - Blink                 Tloc           N/A          10%         2    None
c - Call Imp              Summ           ##......     10%         2    None
d - Conjure Flame         Conj/Fire      ####....     2%          3    ##.....
e - Mephitic Cloud        Conj/Pois/Air  ###.....     5%          3    ##.....
f - Confuse               Hex            ###.....     6%          3    ##.....


Dungeon Overview and Level Annotations

Branches:
Dungeon (8/15)             Temple (1/1) D:7
   Lair: D:8-11

Altars:
Ashenzari
Fedhas
Hepliaklqana
Ru
Sif Muna
Trog
Xom
The Shining One

Shops:
D:4 (

Annotations:
D:8 Erica, Joseph, Psyche


Innate Abilities, Weirdness & Mutations

You can breathe bolts of dispelling energy.
Your rich purple scales are hard. (AC +7)
You cannot fit into any form of body armour.
You are cold-blooded and may be slowed by cold attacks.


Message History

Found a stone staircase leading down.
A gnoll and a necrophage come into view.
Psyche gestures at you while chanting. The magic dart hits you!
The necrophage completely misses you. Psyche gestures at you while chanting.
The magic dart hits you! The necrophage completely misses you.
A gnoll comes into view. It is wielding a halberd.
Casting: Conjure Flame
Confirm with . or Enter, or press ? or * to list all spells.
You miscast Blink.
You are very lightly contaminated with residual magic.
You catch a glimpse of the back of your own head.
Psyche hits you with a dagger of distortion!
* * * LOW HITPOINT WARNING * * *
You feel strangely unstable. Psyche hits you but does no damage.
Space bends around you.
* * * LOW HITPOINT WARNING * * *
The necrophage hits you but does no damage.
Psyche hits you but does no damage. Space warps horribly around you!
You die...

##?.#.#..## #.#
........#.#..# #.#
...........<.# #.#
.......(..####
.#####..### #o.# ####
####o.# #.. ..K..# #.#
....# #@##### #..#
###.#@n..#
######..#####..###g..#
#........K....#.#....#
...g....########.##g##
#.#####.# #.##># #.#
#.# # ... #.# #.#
##g## ..#####.######
#.#


You could see Psyche, a necrophage and 2 gnolls.

Vanquished Creatures
  The ghost of sscrono2 the Grappler, a novice TrMo (D:8)
  Eustachio (D:4)
  A hungry ghost (D:7)
  4 ice beasts
  2 sky beasts
  A phantom (D:4)
  2 centaurs
  2 ogres
  Blork the orc (D:5)
  3 elf zombies (Ossuary)
  2 bullfrogs (D:8)
  A scorpion (D:4)
  6 killer bees (D:7)
  2 howler monkeys
  5 crimson imps
  2 centaur zombies (Ossuary)
  A quasit (D:7)
  2 hounds (D:4)
  2 jellies
  A centaur skeleton (D:7)
  2 orc priests
  A gnoll shaman (D:4)
  3 orc wizards
  5 worker ants
  Ijyb (D:4)
  2 iguanas
  A big kobold zombie (Ossuary)
  A mummy (Ossuary)
  14 gnolls
  15 adders
  A shadow imp (D:7)
  An ooze (D:4)
  An adder zombie (D:6)
  3 adder skeletons
  2 worms
  3 dart slugs
  5 leopard geckos
  16 orcs
  7 bats
  A giant cockroach (D:2)
  10 goblins
  4 hobgoblins
  5 jackals (D:4)
  7 kobolds
  A quokka (D:8)
  A ball python (D:2)
  4 frilled lizards
  2 hobgoblin zombies (Ossuary)
  A jackal zombie (Ossuary)
  10 kobold zombies (Ossuary)
  5 orc zombies (Ossuary)
  9 rats
186 creatures vanquished.

Vanquished Creatures (collateral kills)
  A phantom (D:6)
  A centaur zombie (Ossuary)
  A mummy (Ossuary)
  2 gnolls (D:4)
  2 orcs (D:6)
  A goblin zombie (Ossuary)
  4 hobgoblin zombies (Ossuary)
  2 kobold zombies (Ossuary)
  4 orc zombies (Ossuary)
  A rat zombie (Ossuary)
19 creatures vanquished.

Grand Total: 205 creatures vanquished

Notes
Turn   | Place    | Note
-------+----------+-------------------------------------------
     0 | D:1      | Lianjan the Draconian Wizard began the quest for the Orb.
     0 | D:1      | Reached XP level 1. HP: 14/14 MP: 4/4
    94 | D:1      | Reached skill level 2 in Dodging
   476 | D:1      | Reached XP level 2. HP: 20/20 MP: 3/6
  1237 | D:2      | Reached XP level 3. HP: 26/26 MP: 2/7
  1329 | D:2      | Found an opulent altar of Gozag.
  1331 | D:2      | Found an ornate altar of the Wu Jian Council.
  1331 | D:2      | Found a shimmering altar of Xom.
  1938 | D:2      | Learned a level 2 spell: Blink
  1941 | D:2      | Learned a level 2 spell: Call Imp
  1945 | D:2      | Learned a level 3 spell: Conjure Flame
  1960 | D:2      | Reached XP level 4. HP: 33/33 MP: 7/9
  2550 | D:2      | Found a shimmering altar of Xom.
  2550 | D:2      | Found a basalt altar of Yredelemnul.
  2550 | D:2      | Found a bloodstained altar of Trog.
  3851 | D:2      | Reached XP level 5. HP: 34/38 MP: 1/10
  4364 | D:3      | Reached skill level 3 in Dodging
  5111 | D:4      | Found Pogaudiu's Antique Weapon Emporium.
  5274 | D:4      | Learned a level 3 spell: Mephitic Cloud
  5283 | D:4      | Noticed Ijyb
  5298 | D:4      | Killed Ijyb
  5405 | D:4      | Reached XP level 6. HP: 45/45 MP: 4/12
  6163 | D:4      | Reached skill level 5 in Conjurations
  6910 | D:4      | Noticed Eustachio
  6960 | D:4      | Killed Eustachio
  6960 | D:4      | Reached skill level 1 in Fire Magic
  6960 | D:4      | Reached skill level 1 in Air Magic
  6960 | D:4      | Your scales start taking on a rich purple colour.
  6960 | D:4      | Reached skill level 5 in Spellcasting
  6960 | D:4      | Reached XP level 7. HP: 26/50 MP: 3/14
  6967 | D:4      | Learned a level 3 spell: Confuse
  7341 | D:4      | Reached skill level 4 in Dodging
  7762 | D:5      | Entered Level 5 of the Dungeon
  8002 | D:5      | Noticed Blork the orc
  8021 | D:5      | Killed Blork the orc
  8195 | D:5      | Found a sand-covered staircase.
  8220 | D:5      | Reached XP level 8. HP: 57/57 MP: 10/15
  8330 | Ossuary  | Entered an ossuary
  8738 | Ossuary  | Reached skill level 5 in Dodging
  9332 | D:5      | Found a blossoming altar of Fedhas.
 10313 | D:6      | Reached skill level 5 in Fire Magic
 10373 | D:6      | Reached skill level 5 in Air Magic
 10662 | D:6      | Reached XP level 9. HP: 58/62 MP: 1/16
 10674 | D:6      | Found a deep blue altar of Sif Muna.
 10677 | D:6      | Became a worshipper of Sif Muna the Loreminder
 10828 | D:6      | Reached skill level 6 in Dodging
 11861 | D:7      | Found a staircase to the Ecumenical Temple.
 12017 | Temple   | Entered the Ecumenical Temple
 12405 | D:7      | Reached skill level 1 in Hexes
 12679 | D:8      | Noticed Joseph
 12903 | D:8      | Noticed sscrono2's ghost (novice TrMo)
 12917 | D:8      | Killed sscrono2's ghost
 12917 | D:8      | Reached * piety under Sif Muna
 12917 | D:8      | Reached skill level 7 in Dodging
 12978 | D:8      | Noticed Erica
 13285 | D:8      | Noticed Psyche
 13289 | D:8      | Paralysed by Psyche for 3 turns
 13299 | D:8      | Paralysed by Psyche for 5 turns
 13314 | D:8      | Paralysed by Psyche for 5 turns
 13345 | D:8      | Mangled by Psyche

Vault maps used:
D:1:      tarquinn_simple_flora_water_b
D:2:      doesnt_xom_only_xom
D:4:      serial_shops, shop, first_bread, kennysheep_diamond, uniq_eustachio,
          uniq_ijyb
D:5:      fedhas_altar_fruit_tree, nicolae_ossuary_entry_false_entrances,
          uniq_blork_the_orc
D:6:      minivault_23, lemuel_blue_sif_altar
D:7:      cheibrodos_quashed, temple_statues
D:8:      uniq_erica, uniq_joseph, uniq_psyche
Temple:   minmay_crystal_snake_temple
Ossuary:  ossuary_tomb_1

Skill      XL: |  1  2  3  4  5  6  7  8  9 |
---------------+----------------------------+-----
Dodging        | 2 3 4 5 7 |  7.4
Conjurations   | 2 3 4 5 6 |  6.5
Spellcasting   | 4 5 |  5.1
Fire Magic     | 1 3 5 6 |  6.1
Air Magic      | 1 3 5 6 |  6.0
Hexes          | 3 |  3.7
Stealth        | |  1.7
Summonings     | |  1.0
Translocations | |  1.0

Action                   |  1- 3 |  4- 6 |  7- 9 || total
-------------------------+-------+-------+-------++-------
Melee: Club              |    31 |       |       ||    31
       Tailslap          |     2 |     1 |     6 ||     9
       Short sword       |       |    47 |   123 ||   170
 Fire: Hunting sling     |       |   128 |   212 ||   340
Throw: Stone             |       |     1 |       ||     1
 Cast: Magic Dart        |    80 |   168 |   256 ||   504
       Conjure Flame     |       |    29 |    46 ||    75
       Call Imp          |       |    11 |    46 ||    57
       Mephitic Cloud    |       |       |    11 ||    11
 Abil: Evoke Berserk Rag |       |     1 |       ||     1
       Breathe Dispellin |       |       |    11 ||    11
  Use: Potion            |     2 |       |     1 ||     3
       Scroll            |       |     7 |     9 ||    16
 Stab: Distracted        |       |       |     1 ||     1
       Sleeping          |       |       |     1 ||     1
  Eat: Chunk             |     3 |    14 |    17 ||    34
       Bread ration      |       |     1 |     1 ||     2
       Fruit             |       |       |     4 ||     4
Armor: Skin              |    14 |    47 |    62 ||   123
Dodge: Dodged            |    48 |   112 |   128 ||   288
